 Dungeon Crawl Stone Soup version 0.30.1-9-gdf580d7c3d (webtiles) character file.

Game seed: 18293769897595164836

284 Caestello the Shooter (level 6, -3/47 HPs)
             Began as a Formicid Hunter on Oct 26, 2023.
             Was an Initiate of Gozag.
             Killed from afar by an orc wizard (12 damage)
             ... with a puff of flame
             ... on level 3 of the Dungeon.
             The game lasted 00:04:59 (1832 turns).

Caestello the Shooter (Formicid Hunter)             Turns: 1832, Time: 00:05:00

Health: -3/47      AC:  4    Str: 18    XL:     6   Next: 54%
Magic:  6/6        EV: 12    Int:  8    God:    Gozag
Gold:   193        SH:  0    Dex: 17    Spells: 5/5 levels left

rFire   . . .        b - +3 flail
rCold   . . .        (no shield)
rNeg    . . .        c - +0 leather armour
rPois   .            (helmet unavailable)
rElec   .            (no cloak)
rCorr   .            (no gloves)
SInv    +            o - +0 pair of boots
Will    .....        (no amulet)
Stlth   ++           (no ring)
HPRegen 0.27/turn    (no ring)
MPRegen 0.10/turn

%: no passive effects
@: no status effects
A: permanent stasis, dig shafts and tunnels, antennae 3, four strong arms
a: Dig, Shaft Self, Renounce Religion, Potion Petition, Call Merchant, Bribe
Branch


You were on level 3 of the Dungeon.
You worshipped Gozag.
Gozag was aware of your devotion.
You visited 1 branch of the dungeon, and saw 3 of its levels.

You collected 213 gold pieces.
You paid 20 gold pieces to Gozag.

Inventory:

Hand Weapons
 a - a +0 shortbow
 b - a +3 flail (weapon)
 i - a +4 whip
Armour
 c - a +0 leather armour (worn)
 d - a +0 ring mail
 o - a +0 pair of boots (worn)
Scrolls
 n - 2 scrolls of immolation
 p - 2 scrolls of identify
 q - a scroll of butterflies {unknown}
Potions
 e - a potion of haste {unknown}
 f - a potion of berserk rage {unknown}
 g - a potion of attraction {unknown}
 h - 3 potions of heal wounds
 j - a potion of ambrosia {unknown}
 k - a potion of mutation {unknown}
 l - a potion of magic {unknown}
 m - a potion of lignification {unknown}


   Skills:
 + Level 3.6 Fighting
 + Level 3.3 Maces & Flails
 + Level 4.9 Ranged Weapons
 + Level 1.9 Armour
 + Level 2.2 Dodging
 + Level 2.2 Stealth


You had 5 spell levels left.
You didn't know any spells.
Your spell library was empty.

Dungeon Overview and Level Annotations

Branches:
Dungeon (3/15)

Altars:
Cheibriados
Gozag
Xom


Innate Abilities, Weirdness & Mutations

You cannot be hasted, slowed, berserked, paralysed or teleported.
You can dig through walls and to a lower floor.
You have a pair of large antennae on your head. (SInv)
Your four strong arms can wield two-handed weapons with a shield.


Message History

The orc wizard flickers and vanishes for a moment.
Things that are here:
17 gold pieces; a +0 antimagic hand axe An orc wizard is nearby!
You hit the orc wizard.
The orc wizard is lightly wounded.
The orc wizard barely misses you. x2
You hit the orc wizard.
The orc wizard is moderately wounded.
The orc wizard gestures at you while chanting.
You are confused.
You're too confused to move!
The orc wizard hits you with a +0 dagger.
* * * LOW HITPOINT WARNING * * *
You bump into the orcish idol.
The orc wizard closely misses you.
You bump into the orcish idol.
The orc wizard misses you.
You hit the orc wizard but do no damage.
The orc wizard is moderately wounded.
The orc wizard closely misses you.
You hit the orc wizard.
The orc wizard is heavily wounded.
The orc wizard points at you and mumbles some strange words.
You resist with some effort.
You bump into the orcish idol.
You feel less confused. The orc wizard closely misses you.
You hit the orc wizard.
The orc wizard is severely wounded.
The orc wizard barely misses you.
You closely miss the orc wizard.
The orc wizard is severely wounded.
The orc wizard hits you with a +0 dagger.
* * * LOW HITPOINT WARNING * * *
The orc wizard barely misses you.
You closely miss the orc wizard.
The orc wizard is severely wounded.
The orc wizard points at you and mumbles some strange words.
The puff of flame hits you!
You die...
Your body crumbles into a pile of gold.

*,,,#...........##.# *##*
**,*###.##.#######.# *,*
#.##.# #.# *<* #.##.#
####.# *,* #.##.# #....#
*,***#.#..# #.####
*,,,,#.#######.#
*,**,#.##$$$##.#
*,**,,,#$8@8.#.# ****
*,*,,,*#_$.o$'.# *,,,
*,,,,,,#.8.8.#.# *,,,
***,,,*##.$$####********,,,
**,** #####,,,,,,,,,,,,,,
*,* *{,,**********,,,
*,*******,********* ****
*,,,,,,,,,,,,,,,,,*
*********,*******,**


You could see an orc wizard (invisible).

Vanquished Creatures
  3 crimson imps (D:3)
  2 orc priests (D:3)
  4 gnolls
  4 adders
  3 worms
  3 dart slugs
  An orc (D:3)
  6 endoplasms
  3 hobgoblins
  5 kobolds
  3 quokkas
  2 bats (D:3)
  A frilled lizard (D:1)
  2 goblins
  5 rats
47 creatures vanquished.

Notes
Turn   | Place    | Note
-------+----------+-------------------------------------------
     0 | D:1      | Caestello the Formicid Hunter began the quest for the Orb.
     0 | D:1      | Reached XP level 1. HP: 16/16 MP: 1/1
   124 | D:1      | Reached XP level 2. HP: 22/22 MP: 2/2
   546 | D:2      | Reached XP level 3. HP: 22/27 MP: 3/3
   856 | D:2      | Found an opulent altar of Gozag.
   938 | D:2      | Became a worshipper of Gozag Ym Sagoz the Greedy
  1077 | D:2      | Reached XP level 4. HP: 34/34 MP: 4/4
  1157 | D:2      | Reached skill level 1 in Maces & Flails
  1336 | D:3      | Reached skill level 1 in Armour
  1442 | D:3      | Reached XP level 5. HP: 39/40 MP: 5/5
  1610 | D:3      | Found a snail-covered altar of Cheibriados.
  1712 | D:3      | Found a shimmering altar of Xom.
  1734 | D:3      | Reached XP level 6. HP: 30/47 MP: 6/6
  1832 | D:3      | Killed from afar by an orc wizard

Illustrated notes

Levels and vault maps discovered:
D:1:      erik_arrival_triangle_medium, layout_rooms
D:2:      layout_loops_corners, serial_rivers, chequers_serial_rivers_marsh,
          chequers_serial_rivers_micro_a, chequers_serial_rivers_micro_d,
          chequers_serial_rivers_micro_a, basic_altar
D:3:      layout_loops_ring, overflow_temple_1_default, led_xom_imps,
          mainiacjoe_overflow_small_starburst, kennysheep_orc_chapel

Skill      XL: |  1  2  3  4  5  6 |
---------------+-------------------+-----
Maces & Flails | 1 2 3 |  3.3
Armour         | 1 |  1.9
Dodging        | 2 |  2.2
Fighting       | 3 |  3.6
Stealth        | 2 |  2.2
Ranged Weapons | |  4.9

Action                     |  1- 3 |  4- 6 || total
---------------------------+-------+-------++-------
  Melee: Whip              |    32 |    23 ||    55
         Punch             |     1 |     2 ||     3
         Flail             |       |    65 ||    65
   Fire: Shortbow          |    28 |       ||    28
Ability: Dig               |     4 |       ||     4
    Use: Scroll            |       |     3 ||     3
   Stab: Sleeping          |     2 |     1 ||     3
         Distracted        |     1 |       ||     1
 Armour: Leather armour    |     3 |    17 ||    20
  Dodge: Dodged            |    19 |    67 ||    86
